 Dungeon Crawl Stone Soup version 0.31-a0-743-g45f7035092 (webtiles) character file.

Game seed: 7216168376285731172

14 Bravepunisher the Ducker (level 2, 0/16 HPs)
             Began as a Spriggan Monk on Sept 13, 2023.
             Slain by an orc
             ... wielding a +0 hand axe
              (6 damage)
             ... on level 2 of the Dungeon.
             The game lasted 00:01:11 (383 turns).

Bravepunisher the Ducker (Spriggan Monk)             Turns: 383, Time: 00:01:11

Health: 0/16       AC:  2    Str:  7    XL:     2   Next: 31%
Magic:  3/3        EV: 19    Int: 11    God:
Gold:   40         SH:  0    Dex: 17    Spells: 1/1 levels left

rFire   . . .        a - +0 short sword
rCold   . . .        d - orb {light}
rNeg    . . .        b - +0 robe
rPois   .            (helmet restricted)
rElec   .            (no cloak)
rCorr   .            (gloves unavailable)
SInv    +            (boots unavailable)
Will    .....        (no amulet)
Stlth   +            (no ring)
HPRegen 0.22/turn    (no ring)
MPRegen 0.08/turn

%: no passive effects
@: glowing, very quick
A: very small, no large weapons, unfitting armour, see invisible, speed 3
a: no special abilities


You were on level 2 of the Dungeon.
You visited 1 branch of the dungeon, and saw 3 of its levels.

You collected 40 gold pieces.

Inventory:

Hand Weapons
 a - a +0 short sword (weapon)
Armour
 b - a +0 robe (worn)
 d - an orb of light (worn)
Scrolls
 e - a scroll of torment {unknown}
 f - a scroll of enchant weapon {unknown}
 g - a scroll of fear {unknown}
Potions
 c - 3 potions of ambrosia
 h - a potion of enlightenment {unknown}


   Skills:
 + Level 2.6 Fighting
 - Level 3.2 Short Blades
 * Level 4.7 Dodging


You had one spell level left.
You didn't know any spells.
Your spell library was empty.

Dungeon Overview and Level Annotations

Branches:
Dungeon (3/15)

Altars:
Dithmenos


Innate Abilities, Weirdness & Mutations

You are very small and have problems with some larger weapons.
You are too small for most types of armour.
You have supernaturally acute eyesight. (SInv)
You cover ground extremely quickly. (Speed+++)


Message History

The endoplasm closely misses you.
You hit the endoplasm.
You kill the endoplasm!
Found 3 gold pieces.
You now have 40 gold pieces (gained 3).
g - a scroll labelled ORYL OREUTI
Found a ring mail.
h - a silvery potion A giant cockroach comes into view.
You hit the giant cockroach but do no damage.
The giant cockroach completely misses you.
You barely miss the giant cockroach.
The giant cockroach completely misses you.
You hit the giant cockroach.
The giant cockroach is heavily wounded.
The giant cockroach closely misses you.
You hit the giant cockroach.
You kill the giant cockroach!
Found a stone staircase leading down.
A rat comes into view.
The rat moves out of view.
There is a stone staircase leading down here.
You hit the rat.
You kill the rat!
You climb downwards.
The orc shouts! x3
Found 7 stones.
Found a faded altar of an unknown god.
There is a stone staircase leading up here.
The orc hits you with a +0 hand axe. The orc barely misses you.
You climb upwards.
There is a stone staircase leading down here.
Unknown command.
The dart slug completely misses you.
You hit the orc but do no damage. The orc hits you with a +0 hand axe.
You hit the orc but do no damage. The orc hits you with a +0 hand axe.
You barely miss the orc. The orc closely misses you.
You hit the orc.
The orc is heavily wounded.
The orc hits you with a +0 hand axe.
You die...

# ##+## #.#####.# #
##...## #.......# #
##.....## #...<...# ##
##.......## ##.###.####
.####.........####...##.#
....'.........+...>...#.#
.####.........##wo†.....#
## ##.......###o##.###.#
# ##.....## #@# ## #.# #
##.....# #.#### #.# #
###.....# #.##.. #
#...._..# #.##.# ##
#.#.....# #.##.#
....##.#.....# #.##[###.#
#..........# #........#
#.###.....## ####.#####
##...########.#


You could see a dart slug and 2 orcs.

Vanquished Creatures
  2 bats (D:1)
  2 endoplasms
  A giant cockroach (D:2)
  2 goblins
  2 hobgoblins (D:1)
  A quokka (D:2)
  A kobold (D:1)
  A rat (D:2)
12 creatures vanquished.

Notes
Turn   | Place    | Note
-------+----------+-------------------------------------------
     0 | D:1      | Bravepunisher the Spriggan Monk began the quest for the
                  | Orb.
     0 | D:1      | Reached XP level 1. HP: 11/11 MP: 2/2
   137 | D:1      | Reached XP level 2. HP: 10/16 MP: 3/3
   292 | D:2      | Found a shadowy altar of Dithmenos.
   372 | D:3      | Found a faded altar of an unknown god.
   383 | D:2      | Slain by an orc

Illustrated notes

Levels and vault maps discovered:
D:1:      lightli_arrival_windingriver, layout_rooms, minmay_pentomino_v2
D:2:      layout_loops_corners, basic_altar
D:3:      layout_basic, nicolae_ecumenical_oubliette, gammafunk_ghost_arena,
          minmay_misc_feat_rows, uniq_robin

Action                     || total
---------------------------++-------
  Melee: Short sword       ||    52
 Armour: Robe              ||    11
  Dodge: Dodged            ||    29

Table legend: (Time is in decaauts)
 A = Elapsed time spent in this place.
 B = Non-inter-level travel time spent in this place.
 C = Inter-level travel time spent in this place.
 D = Time resting spent in this place.
 E = Time spent auto-exploring this place.
 F = Levels seen in this place.
 G = Mean time per level.
                   A        B        C        D        E       F      G
               +--------+--------+--------+--------+--------+-----+--------+
         Total |    283 |    283 |      0 |      0 |    186 |   3 |   94.3 |
       Dungeon |    283 |    283 |      0 |      0 |    186 |   3 |   94.3 |
               +--------+--------+--------+--------+--------+-----+--------+

Top non-repeatable levels by time:
     D:1: 149 daAuts
     D:2: 132 daAuts
     D:3: 1 daAuts
